 Seeded DCSS version 0.30.0-29-ga12c61a403 (webtiles) character file.

Game seed: 69315596586927174 (custom seed)

12 Hubris850 the Shield-Bearer (level 2, 14/26 HPs)
             Began as a Minotaur Fighter on June 6, 2023.
             Quit the game on level 1 of the Dungeon.
             The game lasted 00:00:35 (57 turns).

Hubris850 the Shield-Bearer (Minotaur Fighter)        Turns: 57, Time: 00:00:36

Health: 14/26      AC:  6    Str: 20    XL:     2   Next: 20%
Magic:  1/1        EV:  9    Int:  5    God:
Gold:   0          SH:  4    Dex:  9    Spells: 1/1 levels left

rFire   . . .        a - +0 long sword
rCold   . . .        c - +0 buckler
rNeg    . . .        b - +0 scale mail
rPois   .            (helmet restricted)
rElec   .            (no cloak)
rCorr   .            (no gloves)
SInv    .            (no boots)
Will    .....        (no amulet) Stlth
                     (no ring)
HPRegen 0.24/turn    (no ring)
MPRegen 0.07/turn

%: no passive effects
@: no status effects
A: horns 2, retaliatory headbutt
a: no special abilities


You were on level 1 of the Dungeon.
You visited 1 branch of the dungeon, and saw 1 of its levels.

Inventory:

Hand Weapons
 a - a +0 long sword (weapon)
Armour
 b - a +0 scale mail (worn)
 c - a +0 buckler (worn)
Potions
 d - a potion of might


   Skills:
 - Level 3.6 Fighting
 + Level 3.6 Long Blades
 - Level 3.6 Armour
 - Level 3.6 Shields


You had one spell level left.
You didn't know any spells.
Your spell library was empty.

Dungeon Overview and Level Annotations

Branches:
Dungeon (1/15)

Altars:


Innate Abilities, Weirdness & Mutations

You have a pair of horns on your head.
You reflexively headbutt those who attack you in melee.


Message History

You closely miss the hobgoblin. Your headbutt misses the hobgoblin.
The hobgoblin is moderately wounded.
The hobgoblin hits you. x2
You closely miss the hobgoblin.
The hobgoblin is moderately wounded.
You block the hobgoblin's attack.
The hobgoblin hits you but does no damage.
You closely miss the hobgoblin. You headbutt the hobgoblin.
You kill the hobgoblin!
You block the hobgoblin's attack.
You hit the quokka.
The quokka is severely wounded.
The quokka bites you. The hobgoblin barely misses you.
The quokka bites you but does no damage.
You hit the quokka.
You kill the quokka!
The hobgoblin hits you. The kobold misses you. You furiously retaliate!
You headbutt the kobold.
The hobgoblin hits you but does no damage.
You closely miss the kobold. Your headbutt misses the kobold.
The kobold is moderately wounded.
The hobgoblin hits you but does no damage.
The kobold misses you.
You hit the kobold but do no damage. Your headbutt misses the kobold.
The kobold is moderately wounded.
The hobgoblin barely misses you. The kobold closely misses you.
You closely miss the kobold.
The kobold is moderately wounded.
The hobgoblin hits you but does no damage.
The kobold closely misses you.
You hit the kobold but do no damage.
The kobold is moderately wounded.
The hobgoblin hits you. The kobold hits you but does no damage.
You block the hobgoblin's attack. The kobold barely misses you.
You hit the kobold.
The kobold is severely wounded.
The hobgoblin hits you but does no damage.
The kobold hits you with a +0 short sword.
Unknown command.
Are you sure you want to abandon this character and quit the game? (Confirm with "yes".)

.......... . .?......
..#....... .........
........... ..........#
..?.....Kg# .......
#@### ........# #...#
≈~~~~~...###.#.###
~≈≈≈~≈.......?...#
≈≈≈≈≈....†......#
#≈≈≈.......†...# +##
+≈≈~......$....# ..+
+≈≈~...........#
#.###+#≈≈~...#####.....


You could see a hobgoblin and a kobold.

Vanquished Creatures
  A ball python (D:1)
  A bat (D:1)
  An endoplasm (D:1)
  3 hobgoblins (D:1)
  2 jackals (D:1)
  A quokka (D:1)
9 creatures vanquished.

Notes
Turn   | Place    | Note
-------+----------+-------------------------------------------
     0 | D:1      | Hubris850 the Minotaur Fighter began the quest for the Orb.
     0 | D:1      | Reached XP level 1. HP: 19/19 MP: 0/0
    45 | D:1      | Reached XP level 2. HP: 20/26 MP: 1/1
    57 | D:1      | Quit the game

Illustrated notes

Levels and vault maps discovered:
D:1:      dpeg_arrival_castle, layout_rooms, minmay_misc_feat_columns

Skill      XL: |  1 |
---------------+----+-----
Long Blades    | 3 |  3.6
Fighting       | |  3.6
Armour         | |  3.6
Shields        | |  3.6

Action                     || total
---------------------------++-------
  Melee: Long sword        ||    22
         Headbutt          ||     1
 Armour: Scale mail        ||    20
  Dodge: Dodged            ||    13
  Block: Buckler           ||     3
